Map: Port Aleksander LE

Players

Throwfordays - Winner!

  • Race: Protoss Protoss
  • League: Bronze
  • Spawn Location: 5:00

DARKMANTHOR

  • Race: Zerg Zerg
  • League: Bronze
  • Spawn Location: 11:00

VOD

Have the link to the VOD?

Description

Time

  • Played on: Jan. 22, 2019, 7:31 p.m.
  • Length: 2:29
Show
View Real Time Build Order
Export as new Build Order

Throwfordays Protoss - Winner!

Build Orders:  

Get SALT Encoding   

  12  0:05  Probe  
  13  0:17  Pylon  
  13  0:18  Probe  
  14  0:30  Probe  
  15  0:36  Gateway  
  15  0:47  Probe  
  16  0:58  Gateway  
  16  0:59  Probe  
  16  1:02  Assimilator  
  17  1:15  Pylon  
  17  1:31  Cybernetics Core  
  17  1:44  Probe  
  17  1:45  Zealot  
  17  1:46  Zealot  
  22  1:56  Probe  
  23  2:01  Assimilator  
  23  2:08  Probe  
  24  2:18  Nexus  
Show
View Real Time Build Order
Export as new Build Order

DARKMANTHOR Zerg 

Build Orders:  

Get SALT Encoding   

  12  0:02  Drone  
Tags
 
Add a new tag
Caveats
  • Supply blocks, unpowered buildings, or Contaminate may cause inaccurate times.
  • Supply counts are checked every 10 seconds.